 Dungeon Sprint DCSS version 0.21-a0-265-gb353147 (webtiles) character file.

3614 Kidiri the Basher (level 10, -6/95 HPs)
             Began as a Hill Orc Monk on Sept 12, 2017.
             Was the Champion of Beogh.
             Killed from afar by an ice dragon (16 damage)
             ... with a blast of cold
             ... in the Dungeon (Sprint V: "Ziggurat Sprint").
             The game lasted 00:07:44 (669 turns).

Kidiri the Basher (Hill Orc Monk)                    Turns: 669, Time: 00:07:44

Health: -6/95      AC: 29    Str: 15    XL:     10   Next: 11%
Magic:  18/18      EV:  4    Int: 10    God:    Beogh [******]
Gold:   0          SH: 31    Dex: 28    Spells: 9/9 levels left

rFire    . . .     SeeInvis .   a - +6 shillelagh "Devastator" {shatter}
rCold    . . .     Gourm    .   A - +18 shield of the Gong {rElec rN+ MR+ EV-5}
rNeg     + . .     Faith    .   b - +15 Maxwell's patent armour {-Cast -Tele rElec MR+ rCorr}
rPois    .         Spirit   .   (no helmet)
rElec    +         Reflect  .   (no cloak)
rCorr    +         Harm     .   (no gloves)
MR       ++...     NoTele   +   (no boots) Stlth ..........NoCast +
                                (no amulet)
HPRegen  0.25/turn              y - +6 ring of dexterity
MPRegen  0.16/turn              z - +6 ring of dexterity

@: no status effects
A: walk on water
a: Smiting, Recall Orcish Followers, Give Item to Named Follower, Resurrection,
Renounce Religion


You were in the Dungeon.
You worshipped Beogh.
Beogh was exalted by your worship.
You were not hungry.

You visited 1 branch

Inventory:

Hand Weapons
 a - the +6 shillelagh "Devastator" (weapon) {shatter}
   (You found it in the Dungeon)
 m - the +7 whip "Qenom" {drain, rF+ Dex+3}
   (You took it off an iron imp in the Dungeon)

   A truly terrible weapon, it drains the life of those it strikes.
   It affects your dexterity (+3).
   It protects you from fire.
Armour
 b - the +15 Maxwell's patent armour (worn) {-Cast -Tele rElec MR+ rCorr}
   (You found it in the Dungeon)

   It insulates you from electricity.
   It affects your resistance to hostile enchantments.
   It prevents spellcasting.
   It prevents most forms of teleportation.
   It protects you from acid and corrosion.
 A - the +18 shield of the Gong (worn) {rElec rN+ MR+ EV-5}
   (You found it in the Dungeon)

   It affects your evasion (-5).
   It insulates you from electricity.
   It protects you from negative energy.
   It affects your resistance to hostile enchantments.
Jewellery
 y - a +6 ring of dexterity (left hand)
 z - a +6 ring of dexterity (right hand)
 B - a +6 ring of intelligence
 C - a +6 ring of intelligence
 D - a +6 ring of strength
 E - a +6 ring of strength
 J - an uncursed ring of fire
 K - an uncursed ring of protection from magic
 M - the amulet of Lipydomm {RegenMP rN+++ Str+6 Dex-5 Stlth+}
   (You found it in the Dungeon)

   [amulet of magic regeneration]

   It increases your magic regeneration.
   It affects your strength (+6).
   It affects your dexterity (-5).
   It renders you almost immune to negative energy.
   It makes you more stealthy.
 O - the ring of Perghe Siny {rPois Int+4}
   (You found it in the Dungeon)

   [ring of poison resistance]

   It affects your intelligence (+4).
   It protects you from poison.
 P - the ring of Gouruh {rN+ Int+4 SInv}
   (You found it in the Dungeon)

   [ring of see invisible]

   It affects your intelligence (+4).
   It protects you from negative energy.
   It lets you see invisible.
Wands
 F - a wand of disintegration (7/24)
 G - a wand of iceblast (4/15)
 H - a wand of lightning (5/15)
 I - a wand of acid (5/15)
Scrolls
 i - 4 scrolls of blinking
 p - 4 scrolls of amnesia
 q - 3 scrolls of recharging
 r - 7 scrolls of fog
 s - a scroll of holy word
 t - 5 scrolls of identify
 u - 5 scrolls of remove curse
 v - 2 scrolls of fear
 N - 4 scrolls of brand weapon
Potions
 d - 10 potions of curing
 e - 7 potions of heal wounds
 f - 6 potions of haste
 g - 7 potions of magic
 h - 3 potions of berserk rage
 j - 2 potions of brilliance
 k - 2 potions of invisibility
 l - 4 potions of resistance
 n - 5 potions of agility
 o - 5 potions of might
Comestibles
 c - 5 bread rations
 w - 42 fruits
 x - 4 meat rations
 L - 10 chunks of flesh


   Skills:
 + Level 11.0 Fighting
 * Level 13.5 Maces & Flails
 + Level 9.6 Armour
 + Level 7.8 Dodging
 - Level 1.5 Stealth
 + Level 9.7 Shields
 + Level 11.3 Invocations


You had 9 spell levels left.
You didn't know any spells.

Dungeon Overview and Level Annotations

Branches:
Dungeon (1/1)

Altars:
Ashenzari
Cheibriados
Dithmenos
Elyvilon
Fedhas
Gozag
Hepliaklqana
Kikubaaqudgha
Makhleb
Nemelex Xobeh
Okawaru
Qazlal
Ru
Sif Muna
Trog
Uskayaw
Vehumet
Wu Jian
Xom
Yredelemnul
Zin
The Shining One
Beogh
Jiyva
Lugonu

Annotations:
D 1 transporter


Message History

You sock the ice dragon!
There is a shattering impact!
The ice dragon is severely wounded.
The vault warden is heavily wounded.
The vault guard is heavily wounded.
The orc knight is heavily wounded.
The ironbrand convoker is heavily wounded.
The vault warden is severely wounded.
The ice dragon is severely wounded.
You block the vault guard's attack.
PTOANNNG!
Unknown command.
Unknown command.
You hit the ice dragon.
There is a shattering impact!
The vault warden is severely wounded.
The vault guard is severely wounded.
The orc knight is severely wounded.
The vault warden is almost dead.
The ice dragon is almost dead.
The centaur warrior unwields an uncursed shortbow.
You block the centaur warrior's attack.
GONNNNG!
The ice dragon breathes frost at you. The blast of cold hits you!
You die...

▓....©....▓...©...▓
▓▓▓▓▓▓▓▓▓▓▓▓▓▓▓▓▓▓▓
▓...8©8...▓..8©8..▓
▓..:)[[)..▓..:.}..▓
▓...[}:...▓..)}}..▓
▓.........▓.......▓
▓..p......▓.......▓
▓cpp......▓.......▓
▓.@Do.....▓.......▓
▓..p.(....▓.▓...▓.▓
▓....©....▓...©...▓
▓▓▓▓▓▓▓▓▓▓▓▓▓▓▓▓▓▓▓


You could see an ice dragon, 2 vault wardens, a vault guard, an orc knight, a
centaur warrior and an ironbrand convoker.

Vanquished Creatures
  A dancing weapon (D)
  A wizard (D)
  A deep elf archer (D)
  A spiny frog (D)
  A rime drake (D)
  A water elemental (D)
  An air elemental (D)
  A fire elemental (D)
  A golden eye (D)
  2 steam dragons (D)
  A water moccasin (D)
  A swamp drake (D)
  A wolf (D)
  A bullfrog (D)
  6 jellies (D)
  An iron imp (D)
  An orc wizard (D)
  A river rat (D)
  A white imp (D)
  4 oozes (D)
  A jackal (D)
30 creatures vanquished.

Vanquished Creatures (collateral kills)
  A deep elf mage (D)
  A porcupine (D)
  An eye of draining (D)
  A jelly (D)
  An orc (D)
5 creatures vanquished.

Vanquished Creatures (others)
  An orc knight (D)
  An orc wizard (D)
  An orc warrior (D)
3 creatures vanquished.

Grand Total: 38 creatures vanquished

Notes
Turn   | Place    | Note
-------+----------+-------------------------------------------
     0 | D        | Found the +6 Majin-Bo {vamp, Archmagi MP+6 Int+6}
     0 | D        | Found the +7 great mace "Firestarter" {inner flame, rF++}
     0 | D        | Kidiri the Hill Orc Monk began the quest for the Orb.
     0 | D        | Reached XP level 1. HP: 19/19 MP: 1/1
     0 | D        | Found a deep blue altar of Sif Muna.
     0 | D        | Found a bloodstained altar of Trog.
     0 | D        | Found a sacrificial altar of Ru.
     0 | D        | Found a stormy altar of Qazlal.
     0 | D        | Found an iron altar of Okawaru.
     1 | D        | Found a sparkling altar of Nemelex Xobeh.
     1 | D        | Found a blossoming altar of Fedhas.
     3 | D        | Found a transporter.
     3 | D        | Found an ancient bone altar of Kikubaaqudgha.
     3 | D        | Found a viscous altar of Jiyva.
     3 | D        | Found a corrupted altar of Lugonu.
     3 | D        | Found a hazy altar of Hepliaklqana.
     3 | D        | Found a burning altar of Makhleb.
     3 | D        | Found an opulent altar of Gozag.
    14 | D        | Found the +9 heavy crossbow "Sniper" {velocity, Acc+∞ SInv}
    14 | D        | Found the +10 dark maul {crush}
    14 | D        | Found the +15 Maxwell's patent armour {-Cast -Tele rElec MR+ rCorr}
    14 | D        | Found the +18 shield of the Gong {rElec rN+ MR+ EV-5}
    14 | D        | Found the cursed +14 obsidian axe {chop, +Fly SInv *Curse}
    34 | D        | Found the +6 shillelagh "Devastator" {shatter}
    34 | D        | Found the +11 plutonium sword {*Contam Stlth-}
    34 | D        | Found the +8 lance "Wyrmbane" {slay drac, rPois rF+ rC+ AC+3}
    34 | D        | Found the +9 sword of Zonguldrok {reap}
    34 | D        | Found the cursed +13 scythe of Curses {drain, *Curse}
    34 | D        | Found the +0 sword of Power
    34 | D        | Found the -4 mace of Variability {chaos}
    34 | D        | Found the +7 Singing Sword
    34 | D        | Found the +7 longbow "Piercer" {penet, EV-2}
    81 | D        | Became a worshipper of Beogh the Brigand
    81 | D        | Reached * piety under Beogh
    81 | D        | Reached ** piety under Beogh
    87 | D        | Reached skill level 5 in Maces & Flails
    87 | D        | Reached XP level 2. HP: 28/28 MP: 1/4
   127 | D        | Entered arena 2.
   127 | D        | Found a transporter.
   130 | D        | Reached skill level 5 in Fighting
   130 | D        | Reached XP level 3. HP: 32/36 MP: 4/6
   132 | D        | Reached skill level 6 in Maces & Flails
   135 | D        | Got the +7 whip "Qenom" {drain, rF+ Dex+3}
   164 | D        | Entered arena 3.
   164 | D        | Noticed a golden eye
   164 | D        | Found a transporter.
   171 | D        | Killed a golden eye
   171 | D        | Reached skill level 7 in Maces & Flails
   171 | D        | Reached skill level 5 in Invocations
   171 | D        | Reached XP level 4. HP: 45/45 MP: 6/8
   171 | D        | Reached XP level 5. HP: 51/51 MP: 6/9
   174 | D        | Reached *** piety under Beogh
   200 | D        | Entered arena 4.
   200 | D        | Found a transporter.
   201 | D        | Found the +8 trident of the Octopus King {venom, rElec rPois MR+}
   203 | D        | Reached skill level 8 in Maces & Flails
   203 | D        | Reached skill level 5 in Armour
   203 | D        | Reached skill level 5 in Shields
   203 | D        | Reached XP level 6. HP: 58/58 MP: 10/10
   209 | D        | Reached **** piety under Beogh
   277 | D        | Entered arena 5.
   277 | D        | Noticed a steam dragon
   277 | D        | Noticed a steam dragon
   277 | D        | Noticed a swamp drake
   277 | D        | Noticed a rime drake
   277 | D        | Found a transporter.
   291 | D        | Killed a swamp drake
   294 | D        | Killed a rime drake
   294 | D        | Reached skill level 9 in Maces & Flails
   294 | D        | Reached skill level 5 in Dodging
   294 | D        | Reached XP level 7. HP: 46/68 MP: 10/12
   309 | D        | Killed a steam dragon
   309 | D        | Reached skill level 10 in Maces & Flails
   318 | D        | Killed a steam dragon
   318 | D        | Reached ***** piety under Beogh
   330 | D        | Got the amulet of Lipydomm {RegenMP rN+++ Str+6 Dex-5 Stlth+}
   438 | D        | Identified the Reference Book on Venom and Heat (You found it in the Dungeon)
   439 | D        | Entered arena 6.
   439 | D        | Found a transporter.
   442 | D        | Reached XP level 8. HP: 75/75 MP: 14/14
   448 | D        | Got the ring of Perghe Siny {rPois Int+4}
   456 | D        | Entered arena 7.
   456 | D        | Noticed a deep elf mage
   456 | D        | Noticed an air elemental
   456 | D        | Noticed a water elemental
   456 | D        | Noticed a deep elf archer
   456 | D        | Noticed a glaive of venom
   458 | D        | Killed a glaive of venom
   458 | D        | Reached skill level 11 in Maces & Flails
   459 | D        | Found a transporter.
   473 | D        | Killed an air elemental
   473 | D        | Reached XP level 9. HP: 83/85 MP: 9/16
   481 | D        | Killed a deep elf mage
   481 | D        | Reached skill level 10 in Fighting
   481 | D        | Reached skill level 12 in Maces & Flails
   481 | D        | Reached skill level 10 in Invocations
   491 | D        | Killed a deep elf archer
   508 | D        | Got the ring of Gouruh {rN+ Int+4 SInv}
   534 | D        | Entered arena 8.
   535 | D        | Found a transporter.
   540 | D        | Reached ****** piety under Beogh
   573 | D        | Entered arena 9.
   573 | D        | Noticed a spiny frog
   574 | D        | Found a transporter.
   587 | D        | Killed a spiny frog
   587 | D        | Reached skill level 13 in Maces & Flails
   645 | D        | Entered arena 10.
   645 | D        | Noticed a wizard
   645 | D        | Noticed a vault warden
   645 | D        | Noticed an orc knight
   645 | D        | Noticed a centaur warrior
   645 | D        | Noticed an ironbrand convoker
   645 | D        | Noticed a vault guard
   645 | D        | Noticed a vault warden
   645 | D        | Noticed an ice dragon
   647 | D        | Found a transporter.
   666 | D        | Killed a wizard
   666 | D        | Reached XP level 10. HP: 14/95 MP: 18/18
   669 | D        | Killed from afar by an ice dragon

Vault maps used:
D:        sprint_v

Skill      XL: |  1  2  3  4  5  6  7  8  9 |
---------------+----------------------------+-----
Fighting       | 4 5 6 8 9 11 | 11.0
Maces & Flails | 5 7 8 9 10 11 13 | 13.5
Armour         | 2 3 4 5 6 7 8 9 |  9.6
Dodging        | 3 4 5 6 7 |  7.8
Shields        | 2 3 4 5 6 7 8 9 |  9.7
Invocations    | 3 4 5 6 7 8 9 11 | 11.3
Stealth        | |  1.5

Action                   |  1- 3 |  4- 6 |  7- 9 | 10-12 || total
-------------------------+-------+-------+-------+-------++-------
Melee: Shillelagh        |     4 |       |     5 |     3 ||    12
       Whip              |     5 |    23 |    84 |       ||   112
Invok: Smiting           |       |       |     2 |       ||     2
Evoke: Wand              |       |       |     1 |       ||     1
  Use: Potion            |     1 |       |     3 |       ||     4
 Stab: Confused          |       |     1 |       |       ||     1
       Distracted        |       |       |     3 |       ||     3
Armor: Plate armour      |     3 |     2 |    32 |     2 ||    39
Dodge: Dodged            |       |       |     5 |       ||     5
Block: Shield            |     8 |    21 |   118 |     6 ||   153

Table legend:
 A = Spawn XP
 B = Non-spawn XP
 C = Spawn XP percentage of total XP
 D = Spawn monster count
 E = Non-spawn monster count
 F = Spawn count percentage of total count
 G = Total turns spent on level
                    A         B        C        D         E        F      G
               +---------+---------+-------+---------+---------+-------+---------
         Total |       0 |    5154 |   0.0 |       0 |      35 |   0.0 |   669
               +---------+---------+-------+---------+---------+-------+---------
             D |       0 |    5154 |   0.0 |       0 |      35 |   0.0 |   669
               +---------+---------+-------+---------+---------+-------+---------
